 Dungeon Crawl Stone Soup version 0.30.0-17-ge0270778cf (webtiles) character file.

Game seed: 9705181032431852575

370 SnakkuSnakku7 the Shield-Bearer (level 6, -1/50 HPs)
             Began as an Armataur Artificer on May 21, 2023.
             Slain by an orc
             ... wielding a +0 war axe
              (6 damage)
             ... on level 4 of the Dungeon.
             The game lasted 00:03:40 (2349 turns).

SnakkuSnakku7 the Shield-Bearer (AtAr)              Turns: 2349, Time: 00:03:41

Health: -1/50      AC:  9    Str: 24    XL:     6   Next: 42%
Magic:  6/6        EV:  6    Int: 11    God:
Gold:   173        SH: 12    Dex:  7    Spells: 5/5 levels left

rFire   . . .        a - +8 spear "Fuilehud" {heavy, rN++ Str+4 Dex-3}
rCold   . . .        q - +0 tower shield
rNeg    + + .        h - +0 ring mail
rPois   .            y - +0 helmet
rElec   .            l - +1 cloak
rCorr   .            (no gloves)
SInv    .            (no barding)
Will    .....        x - amulet of regeneration
Stlth   +            (no ring)
HPRegen 1.08/turn    (no ring)
MPRegen 0.10/turn

%: roll
@: no status effects
A: large, rugged brown scales 3, deformed body, armoured tail, roll, long
tongue, awkward tongue
a: no special abilities


You were on level 4 of the Dungeon.
You visited 1 branch of the dungeon, and saw 4 of its levels.

You collected 227 gold pieces.
You spent 54 gold pieces at shops.

Inventory:

Hand Weapons
 a - the +8 spear "Fuilehud" (weapon) {heavy, rN++ Str+4 Dex-3}
   (You found it on level 2 of the Dungeon)

   Str:       It affects your strength (+4).
   Dex:       It affects your dexterity (-3).
   rN:        It greatly protects you from negative energy.
 t - a +0 club
Armour
 b - a +0 leather armour
 h - a +0 ring mail (worn)
 l - a +1 cloak (worn)
 q - a +0 tower shield (worn)
 y - a +0 helmet (worn)
Jewellery
 x - an amulet of regeneration (around neck)
 D - a ring of fire
Wands
 c - a wand of flame (15) (quivered)
 d - a wand of charming (15)
 e - a wand of iceblast (4)
 C - a wand of mindburst (14)
Scrolls
 f - a scroll of amnesia {unknown}
 g - 2 scrolls of blinking {unknown}
 i - 7 scrolls of teleportation {unknown}
 k - 2 scrolls of fear {unknown}
 m - 2 scrolls of vulnerability {unknown}
 n - 2 scrolls of poison {unknown}
 s - 3 scrolls of immolation {unknown}
 A - a scroll of magic mapping {unknown}
 B - a scroll of enchant weapon {unknown}
Potions
 j - a potion of mutation
 o - a potion of cancellation
 p - 2 potions of lignification
 r - 2 potions of resistance
 u - 2 potions of heal wounds
 v - 3 potions of curing
 w - a potion of brilliance
 z - a potion of berserk rage
 E - a potion of might {unknown}


   Skills:
 - Level 1.1 Fighting
 - Level 2.4 Armour
 - Level 0.6 Dodging
 - Level 1.1 Stealth
 + Level 7.1 Shields
 - Level 3.0 Evocations


You had 5 spell levels left.
You didn't know any spells.
Your spell library contained the following spells:

 Spells                   Type           Power      Damage    Failure   Level
 Necrotise                Necr           0%         1d4       94%         1
 Scorch                   Fire           0%         2d5       98%         2
 Static Discharge         Conj/Air       0%         2-2/arc   98%         2
 Vampiric Draining        Necr           0%         2d6       100%        3
 Airstrike                Air            0%         2d(0-16)  100%        4
 Flame Wave               Conj/Fire      0%         2d4       100%        4
 Summon Lightning Spire   Summ/Air       0%         N/A       100%        4
 Agony                    Necr           0%         N/A       100%        5
 Summon Cactus Giant      Summ           0%         N/A       100%        6


Dungeon Overview and Level Annotations

Branches:
Dungeon (4/15)
 Temple: D:4-7

Altars:

Shops:
D:1 [


Innate Abilities, Weirdness & Mutations

You are completely covered in rugged brown scales. (AC +3, +7% HP)
Armour fits poorly on your strangely shaped body.
You have a long armoured tail.
You roll when moving toward enemies. (Rampage)
Your long tongue fully drains potion bottles. (2x potion effects)
Your tongue gives you trouble enunciating. (1.5x scroll delay)


Message History

A goblin comes into view. It is wielding a +0 quarterstaff.
An orc comes into view. It is wielding a +0 war axe.
The goblin shouts!
The orc shouts!
You hear a shout!
The scorpion barely misses you.
A jackal comes into view.
You hit the scorpion but do no damage. You block the scorpion's attack.
The scorpion stings you but does no damage.
You block the scorpion's attack.
You puncture the scorpion!
Your tail-slap misses the scorpion.
The scorpion is almost dead.
You block the scorpion's attack.
The scorpion stings you but does no damage.
Unknown command.
You barely miss the scorpion.
The scorpion is almost dead.
You block the scorpion's attack. x2
You barely miss the scorpion.
The scorpion is almost dead.
You block the scorpion's attack.
The scorpion stings you but does no damage. x2
You hit the scorpion.
You kill the scorpion!
You block the orc's attack.
The jackal bites you but does no damage.
The orc priest casts a cantrip, but nothing happens.
The orc hits you with a +0 war axe!
Your Shields skill increases to level 7!
You puncture the jackal!
You kill the jackal!
The orc priest mumbles some strange prayers to Beogh against you.
Beogh smites you! The orc barely misses you.
The orc priest looks satisfied for a moment.
The orc hits you but does no damage.
Unknown command.
Unknown command.
The orc priest invokes the aid of Beogh against you.
Beogh smites you!
* * * LOW HITPOINT WARNING * * *
The orc hits you with a +0 war axe.
You die...

#......#...
.)............
#.....##.[.
.............
##..........
............
##....#...###
#..........
#.......#....
#.....o..
#.........>.. ......
#.....#...##.
#''#########..........
#.og.@..............##
##.#o#.......######.#
#...........###....#
#####........##.####
##.##.#####.#
########.##.......#
.........#####.##.#
########## #.##.#
#....#


You could see an orc priest, an orc and a goblin.

Vanquished Creatures
  An orc warrior (D:4)
  A scorpion (D:4)
  A hound (D:4)
  2 orc wizards
  6 adders
  3 worms
  8 orcs
  3 endoplasms
  4 giant cockroaches
  8 goblins
  7 hobgoblins
  A jackal (D:4)
  5 quokkas
  6 ball pythons
  6 bats
  A frilled lizard (D:1)
  6 kobolds
  4 rats
73 creatures vanquished.

Notes
Turn   | Place    | Note
-------+----------+-------------------------------------------
     0 | D:1      | SnakkuSnakku7 the Armataur Artificer began the quest for
                  | the Orb.
     0 | D:1      | Reached XP level 1. HP: 16/16 MP: 1/1
   108 | D:1      | Found Kipryus's Armour Boutique.
   144 | D:1      | Reached skill level 1 in Fighting
   530 | D:1      | Reached skill level 1 in Shields
   632 | D:1      | Reached XP level 2. HP: 22/24 MP: 2/2
   968 | D:1      | Bought a +0 tower shield for 54 gold pieces
  1009 | D:2      | Found a faded altar of an unknown god.
  1018 | D:2      | Reached skill level 2 in Shields
  1254 | D:2      | Reached skill level 3 in Shields
  1254 | D:2      | Reached XP level 3. HP: 22/29 MP: 3/3
  1269 | D:2      | Identified the +8 spear "Fuilehud" {heavy, rN++ Str+4
                  | Dex-3}
  1490 | D:3      | Reached XP level 4. HP: 17/37 MP: 4/4
  1491 | D:3      | Reached skill level 4 in Shields
  1642 | D:3      | Reached skill level 5 in Shields
  2021 | D:4      | Reached XP level 5. HP: 42/42 MP: 5/5
  2291 | D:4      | Reached skill level 6 in Shields
  2330 | D:4      | Noticed an orc warrior
  2339 | D:4      | Killed an orc warrior
  2340 | D:4      | Reached XP level 6. HP: 32/50 MP: 6/6
  2348 | D:4      | Reached skill level 7 in Shields
  2349 | D:4      | Slain by an orc

Illustrated notes

Levels and vault maps discovered:
D:1:      wander_arrival_abandoned_jail, layout_loops_corners, serial_shops,
          shop
D:2:      layout_basic, ebering_ecumenical_altar_hall, minmay_tetromino_i4
D:3:      layout_rooms
D:4:      kennysheep_big_flooded_room, layout_basic, uniq_crazy_yiuf_cottage

Skill      XL: |  1  2  3  4  5  6 |
---------------+-------------------+-----
Fighting       | 1 |  1.1
Shields        | 1 3 5 6 7 |  7.1
Armour         | |  2.4
Dodging        | |  0.6
Stealth        | |  1.1
Evocations     | |  3.0

Action                     |  1- 3 |  4- 6 || total
---------------------------+-------+-------++-------
  Melee: Club              |   110 |       ||   110
         Tailslap          |    10 |     4 ||    14
         Spear             |    21 |    77 ||    98
  Evoke: Wand              |       |     3 ||     3
    Use: Scroll            |       |     8 ||     8
 Armour: Ring mail         |    94 |    44 ||   138
  Dodge: Dodged            |    70 |    12 ||    82
  Block: Tower shield      |    64 |    58 ||   122
